Map: Oxide LE

Players

PtitDrogo - Winner!

  • Race: Protoss Protoss
  • Spawn Location: 7:00

GOStephano (Stephano)

  • Race: Zerg Zerg
  • League: Grandmaster
  • Spawn Location: 1:00

Event: DreamHack SC2 Masters 2020 Winter

VOD

Have the link to the VOD?

Description

Time

  • Played on: Oct. 25, 2020, 2:44 p.m.
  • Length: 9:49

All games in this series

Show
View Real Time Build Order
Export as new Build Order

PtitDrogo Protoss - Winner!

Build Orders: 1 Gate Expand, Oracle Opening, Zealot Archon 

Get SALT Encoding   

  12  0:00  Probe  
  13  0:12  Probe  
  14  0:19  Pylon  
  14  0:24  Probe  
  15  0:29  Assimilator  
  15  0:37  Probe (Chrono Boost)  
  16  0:46  Gateway, Probe (Chrono Boost)  
  17  0:51  Probe (Chrono Boost)  
  18  1:03  Probe  
  19  1:15  Probe  
  20  1:22  Nexus  
  20  1:33  Cybernetics Core  
  20  1:36  Probe  
  21  1:41  Assimilator  
  21  1:48  Probe  
  21  1:50  Pylon  
  22  2:00  Probe  
  23  2:07  Adept (Chrono Boost)  
  23  2:10  Warp Gate  
  23  2:12  Probe  
  26  2:18  Stargate  
  26  2:24  Probe  
  26  2:29  Pylon  
  27  2:32  Adept (Chrono Boost)  
  27  2:35  Probe (Chrono Boost)  
  30  2:43  Probe (Chrono Boost)  
  31  2:46  Probe (Chrono Boost)  
  31  2:51  Probe x2 (Chrono Boost)  
  33  2:54  Stalker  
  36  3:01  Probe, Oracle (Chrono Boost)  
  36  3:02  Probe  
  41  3:11  Pylon  
  41  3:14  Probe  
  41  3:15  Probe  
  43  3:21  Gateway  
  43  3:26  Probe  
  44  3:27  Probe  
  44  3:29  Oracle (Chrono Boost)  
  48  3:38  Probe  
  48  3:39  Probe  
  50  3:48  Pylon  
  50  3:50  Probe  
  50  3:51  Probe  
  52  3:57  Nexus  
  52  4:00  Void Ray  
  52  4:05  Probe x2  
  58  4:20  Probe x2  
  58  4:21  Assimilator  
  60  4:24  Pylon  
  60  4:25  Assimilator  
  60  4:27  Shield Battery  
  60  4:32  Probe (Chrono Boost)  
  60  4:33  Robotics Facility  
  60  4:36  Probe (Chrono Boost)  
  60  4:38  Twilight Council  
  62  4:39  Forge  
  62  4:44  Probe (Chrono Boost)  
  63  4:48  Probe (Chrono Boost)  
  63  4:51  Gateway  
  63  4:52  Probe (Chrono Boost)  
  65  4:53  Gateway, Probe (Chrono Boost)  
  65  4:58  Probe (Chrono Boost)  
  67  5:00  Pylon  
  67  5:04  Probe (Chrono Boost)  
  68  5:08  Probe (Chrono Boost)  
  68  5:10  Zealot, Sentry  
  74  5:16  Probe (Chrono Boost)  
  74  5:19  Probe (Chrono Boost)  
  74  5:20  Probe (Chrono Boost)  
  76  5:22  Observer  
  76  5:23  Charge, Protoss Ground Weapons Level 1 (Chrono Boost)  
  76  5:24  Probe (Chrono Boost)  
  80  5:28  Probe (Chrono Boost)  
  80  5:31  Probe (Chrono Boost)  
  80  5:34  Probe (Chrono Boost)  
  81  5:38  Probe x2  
  81  5:39  Assimilator  
  81  5:41  Assimilator, Gateway  
  83  5:43  Gateway, Probe  
  83  5:45  Templar Archives  
  83  5:49  Immortal (Chrono Boost)  
  84  5:50  Probe x2  
  90  5:57  Probe  
  90  5:58  Pylon  
  91  6:04  Gateway x2  
  91  6:07  Gateway  
  91  6:14  Probe  
  92  6:23  Warp Prism (Chrono Boost)  
  92  6:24  Probe x2  
  92  6:25  High Templar  
  98  6:33  High Templar  
  98  6:39  Pylon  
  100  6:42  Probe  
  101  6:47  Psionic Storm  
  101  6:49  Pylon, Probe  
  101  6:51  Photon Cannon, Pylon  
  101  6:54  Pylon  
  101  6:56  Gateway  
  101  7:00  High Templar  
  103  7:02  High Templar x3  
  103  7:04  Nexus  
  103  7:06  Pylon  
  103  7:08  Shield Battery  
  109  7:09  Pylon  
  109  7:10  Immortal  
  109  7:12  Probe  
  109  7:13  Probe  
  115  7:22  Zealot x2  
  119  7:23  Probe  
  119  7:24  Probe  
  119  7:25  Probe  
  119  7:28  Pylon  
  119  7:29  Pylon  
  122  7:33  High Templar x2  
  122  7:34  Zealot x2  
  130  7:37  Archon  
  130  7:47  High Templar  
  130  7:48  High Templar, Zealot x3  
  136  7:51  Assimilator  
  136  7:57  Probe x3  
  136  7:59  Assimilator  
  136  8:00  Immortal  
  139  8:08  Archon  
  139  8:09  Probe  
  139  8:10  Zealot x7  
  139  8:11  Zealot  
  156  8:22  Zealot x2  
  160  8:28  Pylon  
  160  8:31  Zealot x4  
  160  8:33  Pylon  
  168  8:34  Stalker x3  
  168  8:36  High Templar  
  168  8:40  Observer  
  177  8:45  Probe  
  177  8:47  Zealot x2  
  180  8:55  Zealot x4  
  162  9:03  Zealot x3  
  162  9:08  Zealot  
  162  9:09  Stalker x2  
  135  9:24  Archon x2  
  135  9:25  Archon  
  135  9:26  Stalker x2  
  135  9:28  Zealot x6  
Show
View Real Time Build Order
Export as new Build Order

GOStephano Zerg 

Build Orders: Hatch First, Roach Hydra 

Get SALT Encoding   

  12  0:00  Drone  
  13  0:12  Overlord  
  13  0:16  Drone  
  14  0:30  Drone x2  
  16  0:47  Hatchery  
  15  0:51  Drone  
  15  0:54  Drone  
  17  0:57  Drone  
  18  1:08  Extractor  
  17  1:13  Spawning Pool  
  17  1:15  Drone  
  17  1:19  Drone  
  18  1:27  Drone  
  19  1:38  Drone  
  20  1:49  Drone  
  21  1:59  Queen x2  
  21  2:01  Zergling x4  
  27  2:10  Drone  
  27  2:11  Overlord  
  28  2:20  Metabolic Boost  
  28  2:30  Drone  
  28  2:31  Drone  
  28  2:36  Hatchery  
  30  2:37  Drone x2  
  30  2:43  Queen  
  33  2:48  Overlord  
  33  2:52  Drone  
  33  2:55  Drone  
  33  2:58  Drone  
  36  3:06  Drone  
  36  3:07  Drone  
  36  3:09  Drone x2  
  36  3:10  Drone x2  
  42  3:20  Queen  
  42  3:24  Overlord  
  44  3:33  Overlord  
  44  3:38  Drone, Spore Crawler  
  44  3:42  Queen  
  44  3:43  Drone x6  
  52  3:51  Drone x3  
  55  3:58  Spore Crawler x2  
  53  4:04  Drone x2  
  53  4:07  Overlord  
  53  4:14  Drone x6  
  53  4:17  Drone  
  57  4:22  Drone x2  
  55  4:31  Lair  
  55  4:32  Drone  
  55  4:35  Drone x3  
  55  4:37  Drone  
  60  4:45  Overlord  
  60  4:46  Drone x4  
  60  4:48  Extractor  
  60  4:49  Extractor  
  60  4:52  Drone x4  
  65  4:58  Overlord  
  65  5:00  Drone  
  65  5:02  Drone x5  
  71  5:07  Evolution Chamber  
  71  5:10  Drone x3  
  73  5:20  Drone  
  72  5:22  Drone x3  
  72  5:24  Extractor x2  
  73  5:32  Zerg Missile Weapons Level 1  
  73  5:33  Roach Warren  
  73  5:35  Hydralisk Den, Extractor  
  70  5:37  Drone x5  
  70  5:39  Drone x2  
  76  5:43  Drone x2  
  78  5:50  Drone x4, Hatchery  
  78  5:52  Pneumatized Carapace  
  81  6:01  Overlord x2  
  81  6:04  Evolution Chamber  
  81  6:05  Muscular Augments  
  79  6:23  Overlord  
  79  6:25  Hydralisk x8  
  81  6:26  Overlord  
  95  6:40  Hydralisk  
  95  6:42  Overlord x3  
  95  6:43  Zerg Ground Armor Level 1  
  97  6:49  Drone x8  
  105  6:55  Glial Reconstitution  
  105  6:59  Drone x6  
  110  7:06  Hydralisk  
  110  7:07  Hydralisk x3  
  118  7:10  Overseer  
  118  7:12  Spore Crawler  
  118  7:13  Extractor  
  116  7:17  Grooved Spines  
  116  7:19  Hydralisk x4  
  122  7:25  Roach x3  
  122  7:28  Roach x2  
  122  7:29  Roach  
  134  7:36  Roach x4  
  140  7:47  Hydralisk  
  140  7:48  Overlord  
  140  7:49  Overlord x3  
  142  7:55  Overlord  
  142  7:56  Overlord  
  140  8:02  Overlord  
  140  8:06  Hydralisk x5  
  140  8:11  Overlord  
  150  8:14  Overlord  
  150  8:19  Hydralisk x5  
  160  8:20  Roach  
  160  8:21  Roach  
  160  8:26  Roach x2  
  160  8:27  Roach x2  
  172  8:32  Hydralisk x2  
  176  8:39  Hydralisk  
  176  8:40  Hydralisk x2  
  181  8:45  Overlord  
  177  8:51  Hydralisk x4  
  165  8:56  Hydralisk x2  
  165  8:59  Hydralisk  
  165  9:01  Hydralisk  
  149  9:04  Hydralisk  
  137  9:11  Roach x4  
  137  9:12  Zergling x10  
  138  9:19  Hydralisk x3  
Tags
 
Add a new tag
Caveats
  • Supply blocks, unpowered buildings, or Contaminate may cause inaccurate times.
  • Supply counts are checked every 10 seconds.